Workbook

Sheet Bill Comparison
A1: Electricity Bill Comparison | Australian Estimate Template
X2: Comparison assumptions | Y2: Value
A3: All figures are estimates only and are not official retailer quotes. Check current Energy Price Fact Sheets before choosing a plan. | X3: GST rate | Y3: 0.1
X4: Days per year | Y4: 365
X5: Comparison basis | Y5: Estimated annual usage
X6: Financial year | Y6: 01/07/2026 – 30/06/2027
X7: Solar credit treatment | Y7: Deducted from electricity charges before GST
A9: Plan ID | B9: Provider | C9: Plan Name | D9: State | E9: Distribution Zone | F9: Supply Charge (c/day) | G9: Usage Rate (c/kWh) | H9: Controlled Load Rate (c/kWh) | I9: Estimated Annual Usage (kWh) | J9: Controlled Load Usage (kWh) | K9: Solar Feed-in Tariff (c/kWh) | L9: Estimated Annual Solar Export (kWh) | M9: Discount (%) | N9: Annual Supply Cost (ex GST) | O9: Annual Usage Cost (ex GST) | P9: Annual Controlled Load Cost (ex GST) | Q9: Solar Credit (ex GST) | R9: Estimated Annual Cost (ex GST) | S9: GST (10%) | T9: Estimated Annual Cost (inc GST) | U9: Estimated Monthly Cost | V9: Cost Rank | W9: Recommendation
A10: EBC-001 | B10: Origin Energy | C10: Everyday Saver | D10: NSW | E10: Ausgrid | F10: 104.5 | G10: 31.2 | H10: 22 | I10: 4650 | J10: 750 | K10: 6 | L10: 1800 | M10: 0.08 | N10: =IF($A10="","",F10*'Bill Comparison'!$Y$4/100) | O10: =IF($A10="","",G10*I10/100) | P10: =IF($A10="","",H10*J10/100) | Q10: =IF($A10="","",K10*L10/100) | R10: =IF($A10="","",SUM(N10:P10)-Q10) | S10: =IF($A10="","",R10*'Bill Comparison'!$Y$3) | T10: =IF($A10="","",R10+S10) | U10: =IF($A10="","",T10/12) | V10: =IF($A10="","",RANK(T10,$T$10:$T$109,1)) | W10: =IF($A10="","",IF(V10=1,"Lowest estimated cost",IF(T10<=AVERAGE($T$10:$T$109),"Competitive","Review")))
A11: EBC-002 | B11: AGL | C11: Value Saver | D11: VIC | E11: CitiPower | F11: 108.9 | G11: 29.8 | H11: 20.5 | I11: 4400 | J11: 620 | K11: 5.5 | L11: 1500 | M11: 0.1 | N11: =IF($A11="","",F11*'Bill Comparison'!$Y$4/100) | O11: =IF($A11="","",G11*I11/100) | P11: =IF($A11="","",H11*J11/100) | Q11: =IF($A11="","",K11*L11/100) | R11: =IF($A11="","",SUM(N11:P11)-Q11) | S11: =IF($A11="","",R11*'Bill Comparison'!$Y$3) | T11: =IF($A11="","",R11+S11) | U11: =IF($A11="","",T11/12) | V11: =IF($A11="","",RANK(T11,$T$10:$T$109,1)) | W11: =IF($A11="","",IF(V11=1,"Lowest estimated cost",IF(T11<=AVERAGE($T$10:$T$109),"Competitive","Review")))
A12: EBC-003 | B12: EnergyAustralia | C12: Flexi Plan | D12: QLD | E12: Energex | F12: 101.2 | G12: 28.9 | H12: 21.8 | I12: 4800 | J12: 700 | K12: 8 | L12: 2200 | M12: 0.05 | N12: =IF($A12="","",F12*'Bill Comparison'!$Y$4/100) | O12: =IF($A12="","",G12*I12/100) | P12: =IF($A12="","",H12*J12/100) | Q12: =IF($A12="","",K12*L12/100) | R12: =IF($A12="","",SUM(N12:P12)-Q12) | S12: =IF($A12="","",R12*'Bill Comparison'!$Y$3) | T12: =IF($A12="","",R12+S12) | U12: =IF($A12="","",T12/12) | V12: =IF($A12="","",RANK(T12,$T$10:$T$109,1)) | W12: =IF($A12="","",IF(V12=1,"Lowest estimated cost",IF(T12<=AVERAGE($T$10:$T$109),"Competitive","Review")))
A13: EBC-004 | B13: Red Energy | C13: Living Energy Saver | D13: SA | E13: SA Power Networks | F13: 116.7 | G13: 36.8 | H13: 27.5 | I13: 4200 | J13: 550 | K13: 7.2 | L13: 1050 | M13: 0.12 | N13: =IF($A13="","",F13*'Bill Comparison'!$Y$4/100) | O13: =IF($A13="","",G13*I13/100) | P13: =IF($A13="","",H13*J13/100) | Q13: =IF($A13="","",K13*L13/100) | R13: =IF($A13="","",SUM(N13:P13)-Q13) | S13: =IF($A13="","",R13*'Bill Comparison'!$Y$3) | T13: =IF($A13="","",R13+S13) | U13: =IF($A13="","",T13/12) | V13: =IF($A13="","",RANK(T13,$T$10:$T$109,1)) | W13: =IF($A13="","",IF(V13=1,"Lowest estimated cost",IF(T13<=AVERAGE($T$10:$T$109),"Competitive","Review")))
A14: EBC-005 | B14: Synergy | C14: Home Plan | D14: WA | E14: Western Power | F14: 96.4 | G14: 25.6 | H14: 18.9 | I14: 4500 | J14: 650 | K14: 3 | L14: 500 | M14: 0 | N14: =IF($A14="","",F14*'Bill Comparison'!$Y$4/100) | O14: =IF($A14="","",G14*I14/100) | P14: =IF($A14="","",H14*J14/100) | Q14: =IF($A14="","",K14*L14/100) | R14: =IF($A14="","",SUM(N14:P14)-Q14) | S14: =IF($A14="","",R14*'Bill Comparison'!$Y$3) | T14: =IF($A14="","",R14+S14) | U14: =IF($A14="","",T14/12) | V14: =IF($A14="","",RANK(T14,$T$10:$T$109,1)) | W14: =IF($A14="","",IF(V14=1,"Lowest estimated cost",IF(T14<=AVERAGE($T$10:$T$109),"Competitive","Review")))
A15: EBC-006 | B15: Alinta Energy | C15: Home Saver | D15: QLD | E15: Energex | F15: 99.8 | G15: 27.4 | H15: 20.2 | I15: 5100 | J15: 820 | K15: 7.5 | L15: 2400 | M15: 0.15 | N15: =IF($A15="","",F15*'Bill Comparison'!$Y$4/100) | O15: =IF($A15="","",G15*I15/100) | P15: =IF($A15="","",H15*J15/100) | Q15: =IF($A15="","",K15*L15/100) | R15: =IF($A15="","",SUM(N15:P15)-Q15) | S15: =IF($A15="","",R15*'Bill Comparison'!$Y$3) | T15: =IF($A15="","",R15+S15) | U15: =IF($A15="","",T15/12) | V15: =IF($A15="","",RANK(T15,$T$10:$T$109,1)) | W15: =IF($A15="","",IF(V15=1,"Lowest estimated cost",IF(T15<=AVERAGE($T$10:$T$109),"Competitive","Review")))
A16: EBC-007 | B16: Simply Energy | C16: Simply Saver | D16: VIC | E16: Powercor | F16: 112.3 | G16: 30.6 | H16: 23.4 | I16: 3900 | J16: 480 | K16: 5 | L16: 900 | M16: 0.06 | N16: =IF($A16="","",F16*'Bill Comparison'!$Y$4/100) | O16: =IF($A16="","",G16*I16/100) | P16: =IF($A16="","",H16*J16/100) | Q16: =IF($A16="","",K16*L16/100) | R16: =IF($A16="","",SUM(N16:P16)-Q16) | S16: =IF($A16="","",R16*'Bill Comparison'!$Y$3) | T16: =IF($A16="","",R16+S16) | U16: =IF($A16="","",T16/12) | V16: =IF($A16="","",RANK(T16,$T$10:$T$109,1)) | W16: =IF($A16="","",IF(V16=1,"Lowest estimated cost",IF(T16<=AVERAGE($T$10:$T$109),"Competitive","Review")))
A17: EBC-008 | B17: Momentum Energy | C17: Warm Welcome | D17: TAS | E17: TasNetworks | F17: 109.5 | G17: 32.1 | H17: 24.2 | I17: 3800 | J17: 500 | K17: 8.5 | L17: 1300 | M17: 0.07 | N17: =IF($A17="","",F17*'Bill Comparison'!$Y$4/100) | O17: =IF($A17="","",G17*I17/100) | P17: =IF($A17="","",H17*J17/100) | Q17: =IF($A17="","",K17*L17/100) | R17: =IF($A17="","",SUM(N17:P17)-Q17) | S17: =IF($A17="","",R17*'Bill Comparison'!$Y$3) | T17: =IF($A17="","",R17+S17) | U17: =IF($A17="","",T17/12) | V17: =IF($A17="","",RANK(T17,$T$10:$T$109,1)) | W17: =IF($A17="","",IF(V17=1,"Lowest estimated cost",IF(T17<=AVERAGE($T$10:$T$109),"Competitive","Review")))
A18: EBC-009 | B18: Powershop | C18: Power House | D18: ACT | E18: Evoenergy | F18: 121.8 | G18: 34.7 | H18: 26.3 | I18: 4600 | J18: 680 | K18: 9 | L18: 1700 | M18: 0.03 | N18: =IF($A18="","",F18*'Bill Comparison'!$Y$4/100) | O18: =IF($A18="","",G18*I18/100) | P18: =IF($A18="","",H18*J18/100) | Q18: =IF($A18="","",K18*L18/100) | R18: =IF($A18="","",SUM(N18:P18)-Q18) | S18: =IF($A18="","",R18*'Bill Comparison'!$Y$3) | T18: =IF($A18="","",R18+S18) | U18: =IF($A18="","",T18/12) | V18: =IF($A18="","",RANK(T18,$T$10:$T$109,1)) | W18: =IF($A18="","",IF(V18=1,"Lowest estimated cost",IF(T18<=AVERAGE($T$10:$T$109),"Competitive","Review")))
N19: =IF($A19="","",F19*'Bill Comparison'!$Y$4/100) | O19: =IF($A19="","",G19*I19/100) | P19: =IF($A19="","",H19*J19/100) | Q19: =IF($A19="","",K19*L19/100) | R19: =IF($A19="","",SUM(N19:P19)-Q19) | S19: =IF($A19="","",R19*'Bill Comparison'!$Y$3) | T19: =IF($A19="","",R19+S19) | U19: =IF($A19="","",T19/12) | V19: =IF($A19="","",RANK(T19,$T$10:$T$109,1)) | W19: =IF($A19="","",IF(V19=1,"Lowest estimated cost",IF(T19<=AVERAGE($T$10:$T$109),"Competitive","Review")))
N20: =IF($A20="","",F20*'Bill Comparison'!$Y$4/100) | O20: =IF($A20="","",G20*I20/100) | P20: =IF($A20="","",H20*J20/100) | Q20: =IF($A20="","",K20*L20/100) | R20: =IF($A20="","",SUM(N20:P20)-Q20) | S20: =IF($A20="","",R20*'Bill Comparison'!$Y$3) | T20: =IF($A20="","",R20+S20) | U20: =IF($A20="","",T20/12) | V20: =IF($A20="","",RANK(T20,$T$10:$T$109,1)) | W20: =IF($A20="","",IF(V20=1,"Lowest estimated cost",IF(T20<=AVERAGE($T$10:$T$109),"Competitive","Review")))
N21: =IF($A21="","",F21*'Bill Comparison'!$Y$4/100) | O21: =IF($A21="","",G21*I21/100) | P21: =IF($A21="","",H21*J21/100) | Q21: =IF($A21="","",K21*L21/100) | R21: =IF($A21="","",SUM(N21:P21)-Q21) | S21: =IF($A21="","",R21*'Bill Comparison'!$Y$3) | T21: =IF($A21="","",R21+S21) | U21: =IF($A21="","",T21/12) | V21: =IF($A21="","",RANK(T21,$T$10:$T$109,1)) | W21: =IF($A21="","",IF(V21=1,"Lowest estimated cost",IF(T21<=AVERAGE($T$10:$T$109),"Competitive","Review")))
N22: =IF($A22="","",F22*'Bill Comparison'!$Y$4/100) | O22: =IF($A22="","",G22*I22/100) | P22: =IF($A22="","",H22*J22/100) | Q22: =IF($A22="","",K22*L22/100) | R22: =IF($A22="","",SUM(N22:P22)-Q22) | S22: =IF($A22="","",R22*'Bill Comparison'!$Y$3) | T22: =IF($A22="","",R22+S22) | U22: =IF($A22="","",T22/12) | V22: =IF($A22="","",RANK(T22,$T$10:$T$109,1)) | W22: =IF($A22="","",IF(V22=1,"Lowest estimated cost",IF(T22<=AVERAGE($T$10:$T$109),"Competitive","Review")))
N23: =IF($A23="","",F23*'Bill Comparison'!$Y$4/100) | O23: =IF($A23="","",G23*I23/100) | P23: =IF($A23="","",H23*J23/100) | Q23: =IF($A23="","",K23*L23/100) | R23: =IF($A23="","",SUM(N23:P23)-Q23) | S23: =IF($A23="","",R23*'Bill Comparison'!$Y$3) | T23: =IF($A23="","",R23+S23) | U23: =IF($A23="","",T23/12) | V23: =IF($A23="","",RANK(T23,$T$10:$T$109,1)) | W23: =IF($A23="","",IF(V23=1,"Lowest estimated cost",IF(T23<=AVERAGE($T$10:$T$109),"Competitive","Review")))
N24: =IF($A24="","",F24*'Bill Comparison'!$Y$4/100) | O24: =IF($A24="","",G24*I24/100) | P24: =IF($A24="","",H24*J24/100) | Q24: =IF($A24="","",K24*L24/100) | R24: =IF($A24="","",SUM(N24:P24)-Q24) | S24: =IF($A24="","",R24*'Bill Comparison'!$Y$3) | T24: =IF($A24="","",R24+S24) | U24: =IF($A24="","",T24/12) | V24: =IF($A24="","",RANK(T24,$T$10:$T$109,1)) | W24: =IF($A24="","",IF(V24=1,"Lowest estimated cost",IF(T24<=AVERAGE($T$10:$T$109),"Competitive","Review")))
N25: =IF($A25="","",F25*'Bill Comparison'!$Y$4/100) | O25: =IF($A25="","",G25*I25/100) | P25: =IF($A25="","",H25*J25/100) | Q25: =IF($A25="","",K25*L25/100) | R25: =IF($A25="","",SUM(N25:P25)-Q25) | S25: =IF($A25="","",R25*'Bill Comparison'!$Y$3) | T25: =IF($A25="","",R25+S25) | U25: =IF($A25="","",T25/12) | V25: =IF($A25="","",RANK(T25,$T$10:$T$109,1)) | W25: =IF($A25="","",IF(V25=1,"Lowest estimated cost",IF(T25<=AVERAGE($T$10:$T$109),"Competitive","Review")))
N26: =IF($A26="","",F26*'Bill Comparison'!$Y$4/100) | O26: =IF($A26="","",G26*I26/100) | P26: =IF($A26="","",H26*J26/100) | Q26: =IF($A26="","",K26*L26/100) | R26: =IF($A26="","",SUM(N26:P26)-Q26) | S26: =IF($A26="","",R26*'Bill Comparison'!$Y$3) | T26: =IF($A26="","",R26+S26) | U26: =IF($A26="","",T26/12) | V26: =IF($A26="","",RANK(T26,$T$10:$T$109,1)) | W26: =IF($A26="","",IF(V26=1,"Lowest estimated cost",IF(T26<=AVERAGE($T$10:$T$109),"Competitive","Review")))
N27: =IF($A27="","",F27*'Bill Comparison'!$Y$4/100) | O27: =IF($A27="","",G27*I27/100) | P27: =IF($A27="","",H27*J27/100) | Q27: =IF($A27="","",K27*L27/100) | R27: =IF($A27="","",SUM(N27:P27)-Q27) | S27: =IF($A27="","",R27*'Bill Comparison'!$Y$3) | T27: =IF($A27="","",R27+S27) | U27: =IF($A27="","",T27/12) | V27: =IF($A27="","",RANK(T27,$T$10:$T$109,1)) | W27: =IF($A27="","",IF(V27=1,"Lowest estimated cost",IF(T27<=AVERAGE($T$10:$T$109),"Competitive","Review")))
N28: =IF($A28="","",F28*'Bill Comparison'!$Y$4/100) | O28: =IF($A28="","",G28*I28/100) | P28: =IF($A28="","",H28*J28/100) | Q28: =IF($A28="","",K28*L28/100) | R28: =IF($A28="","",SUM(N28:P28)-Q28) | S28: =IF($A28="","",R28*'Bill Comparison'!$Y$3) | T28: =IF($A28="","",R28+S28) | U28: =IF($A28="","",T28/12) | V28: =IF($A28="","",RANK(T28,$T$10:$T$109,1)) | W28: =IF($A28="","",IF(V28=1,"Lowest estimated cost",IF(T28<=AVERAGE($T$10:$T$109),"Competitive","Review")))
N29: =IF($A29="","",F29*'Bill Comparison'!$Y$4/100) | O29: =IF($A29="","",G29*I29/100) | P29: =IF($A29="","",H29*J29/100) | Q29: =IF($A29="","",K29*L29/100) | R29: =IF($A29="","",SUM(N29:P29)-Q29) | S29: =IF($A29="","",R29*'Bill Comparison'!$Y$3) | T29: =IF($A29="","",R29+S29) | U29: =IF($A29="","",T29/12) | V29: =IF($A29="","",RANK(T29,$T$10:$T$109,1)) | W29: =IF($A29="","",IF(V29=1,"Lowest estimated cost",IF(T29<=AVERAGE($T$10:$T$109),"Competitive","Review")))
N30: =IF($A30="","",F30*'Bill Comparison'!$Y$4/100) | O30: =IF($A30="","",G30*I30/100) | P30: =IF($A30="","",H30*J30/100) | Q30: =IF($A30="","",K30*L30/100) | R30: =IF($A30="","",SUM(N30:P30)-Q30) | S30: =IF($A30="","",R30*'Bill Comparison'!$Y$3) | T30: =IF($A30="","",R30+S30) | U30: =IF($A30="","",T30/12) | V30: =IF($A30="","",RANK(T30,$T$10:$T$109,1)) | W30: =IF($A30="","",IF(V30=1,"Lowest estimated cost",IF(T30<=AVERAGE($T$10:$T$109),"Competitive","Review")))
... N109: =IF($A109="","",F109*'Bill Comparison'!$Y$4/100) | O109: =IF($A109="","",G109*I109/100) | P109: =IF($A109="","",H109*J109/100) | Q109: =IF($A109="","",K109*L109/100) | R109: =IF($A109="","",SUM(N109:P109)-Q109) | S109: =IF($A109="","",R109*'Bill Comparison'!$Y$3) | T109: =IF($A109="","",R109+S109) | U109: =IF($A109="","",T109/12) | V109: =IF($A109="","",RANK(T109,$T$10:$T$109,1)) | W109: =IF($A109="","",IF(V109=1,"Lowest estimated cost",IF(T109<=AVERAGE($T$10:$T$109),"Competitive","Review")))

Sheet Dashboard
A1: Electricity Plan Comparison Dashboard
A3: Lowest estimated annual cost | C3: Lowest monthly cost | E3: Average annual cost | G3: Potential annual saving versus average | I3: Number of plans compared | L3: Plan lookup (enter Plan ID) | M3: EBC-001
A4: =MIN('Bill Comparison'!$T$10:$T$109) | C4: =MIN('Bill Comparison'!$U$10:$U$109) | E4: =AVERAGE('Bill Comparison'!$T$10:$T$109) | G4: =AVERAGE('Bill Comparison'!$T$10:$T$109)-MIN('Bill Comparison'!$T$10:$T$109) | I4: =COUNTIF('Bill Comparison'!$A$10:$A$109,"<>") | L4: Provider | M4: =IFERROR(VLOOKUP(M3,'Bill Comparison'!$A$10:$C$109,2,FALSE),"")
L5: Plan name | M5: =IFERROR(VLOOKUP(M3,'Bill Comparison'!$A$10:$C$109,3,FALSE),"")
A41: Plan ID | B41: Provider | C41: Plan Name | D41: State | E41: Annual Cost (inc GST) | F41: Monthly Cost | H41: State | I41: Plans compared
A42: =IF('Bill Comparison'!$A$10="","",'Bill Comparison'!$A$10) | B42: =IF($A42="","",'Bill Comparison'!$B$10) | C42: =IF($A42="","",'Bill Comparison'!$C$10) | D42: =IF($A42="","",'Bill Comparison'!$D$10) | E42: =IF($A42="","",'Bill Comparison'!$T$10) | F42: =IF($A42="","",'Bill Comparison'!$U$10) | H42: NSW | I42: =COUNTIF('Bill Comparison'!$D$10:$D$109,H42)
A43: =IF('Bill Comparison'!$A$11="","",'Bill Comparison'!$A$11) | B43: =IF($A43="","",'Bill Comparison'!$B$11) | C43: =IF($A43="","",'Bill Comparison'!$C$11) | D43: =IF($A43="","",'Bill Comparison'!$D$11) | E43: =IF($A43="","",'Bill Comparison'!$T$11) | F43: =IF($A43="","",'Bill Comparison'!$U$11) | H43: VIC | I43: =COUNTIF('Bill Comparison'!$D$10:$D$109,H43)
A44: =IF('Bill Comparison'!$A$12="","",'Bill Comparison'!$A$12) | B44: =IF($A44="","",'Bill Comparison'!$B$12) | C44: =IF($A44="","",'Bill Comparison'!$C$12) | D44: =IF($A44="","",'Bill Comparison'!$D$12) | E44: =IF($A44="","",'Bill Comparison'!$T$12) | F44: =IF($A44="","",'Bill Comparison'!$U$12) | H44: QLD | I44: =COUNTIF('Bill Comparison'!$D$10:$D$109,H44)
A45: =IF('Bill Comparison'!$A$13="","",'Bill Comparison'!$A$13) | B45: =IF($A45="","",'Bill Comparison'!$B$13) | C45: =IF($A45="","",'Bill Comparison'!$C$13) | D45: =IF($A45="","",'Bill Comparison'!$D$13) | E45: =IF($A45="","",'Bill Comparison'!$T$13) | F45: =IF($A45="","",'Bill Comparison'!$U$13) | H45: SA | I45: =COUNTIF('Bill Comparison'!$D$10:$D$109,H45)
A46: =IF('Bill Comparison'!$A$14="","",'Bill Comparison'!$A$14) | B46: =IF($A46="","",'Bill Comparison'!$B$14) | C46: =IF($A46="","",'Bill Comparison'!$C$14) | D46: =IF($A46="","",'Bill Comparison'!$D$14) | E46: =IF($A46="","",'Bill Comparison'!$T$14) | F46: =IF($A46="","",'Bill Comparison'!$U$14) | H46: WA | I46: =COUNTIF('Bill Comparison'!$D$10:$D$109,H46)
A47: =IF('Bill Comparison'!$A$15="","",'Bill Comparison'!$A$15) | B47: =IF($A47="","",'Bill Comparison'!$B$15) | C47: =IF($A47="","",'Bill Comparison'!$C$15) | D47: =IF($A47="","",'Bill Comparison'!$D$15) | E47: =IF($A47="","",'Bill Comparison'!$T$15) | F47: =IF($A47="","",'Bill Comparison'!$U$15) | H47: TAS | I47: =COUNTIF('Bill Comparison'!$D$10:$D$109,H47)
A48: =IF('Bill Comparison'!$A$16="","",'Bill Comparison'!$A$16) | B48: =IF($A48="","",'Bill Comparison'!$B$16) | C48: =IF($A48="","",'Bill Comparison'!$C$16) | D48: =IF($A48="","",'Bill Comparison'!$D$16) | E48: =IF($A48="","",'Bill Comparison'!$T$16) | F48: =IF($A48="","",'Bill Comparison'!$U$16) | H48: ACT | I48: =COUNTIF('Bill Comparison'!$D$10:$D$109,H48)
A49: =IF('Bill Comparison'!$A$17="","",'Bill Comparison'!$A$17) | B49: =IF($A49="","",'Bill Comparison'!$B$17) | C49: =IF($A49="","",'Bill Comparison'!$C$17) | D49: =IF($A49="","",'Bill Comparison'!$D$17) | E49: =IF($A49="","",'Bill Comparison'!$T$17) | F49: =IF($A49="","",'Bill Comparison'!$U$17) | H49: NT | I49: =COUNTIF('Bill Comparison'!$D$10:$D$109,H49)
A50: =IF('Bill Comparison'!$A$18="","",'Bill Comparison'!$A$18) | B50: =IF($A50="","",'Bill Comparison'!$B$18) | C50: =IF($A50="","",'Bill Comparison'!$C$18) | D50: =IF($A50="","",'Bill Comparison'!$D$18) | E50: =IF($A50="","",'Bill Comparison'!$T$18) | F50: =IF($A50="","",'Bill Comparison'!$U$18)
A51: =IF('Bill Comparison'!$A$19="","",'Bill Comparison'!$A$19) | B51: =IF($A51="","",'Bill Comparison'!$B$19) | C51: =IF($A51="","",'Bill Comparison'!$C$19) | D51: =IF($A51="","",'Bill Comparison'!$D$19) | E51: =IF($A51="","",'Bill Comparison'!$T$19) | F51: =IF($A51="","",'Bill Comparison'!$U$19)
A52: =IF('Bill Comparison'!$A$20="","",'Bill Comparison'!$A$20) | B52: =IF($A52="","",'Bill Comparison'!$B$20) | C52: =IF($A52="","",'Bill Comparison'!$C$20) | D52: =IF($A52="","",'Bill Comparison'!$D$20) | E52: =IF($A52="","",'Bill Comparison'!$T$20) | F52: =IF($A52="","",'Bill Comparison'!$U$20)
A53: =IF('Bill Comparison'!$A$21="","",'Bill Comparison'!$A$21) | B53: =IF($A53="","",'Bill Comparison'!$B$21) | C53: =IF($A53="","",'Bill Comparison'!$C$21) | D53: =IF($A53="","",'Bill Comparison'!$D$21) | E53: =IF($A53="","",'Bill Comparison'!$T$21) | F53: =IF($A53="","",'Bill Comparison'!$U$21)
A54: =IF('Bill Comparison'!$A$22="","",'Bill Comparison'!$A$22) | B54: =IF($A54="","",'Bill Comparison'!$B$22) | C54: =IF($A54="","",'Bill Comparison'!$C$22) | D54: =IF($A54="","",'Bill Comparison'!$D$22) | E54: =IF($A54="","",'Bill Comparison'!$T$22) | F54: =IF($A54="","",'Bill Comparison'!$U$22)
A55: =IF('Bill Comparison'!$A$23="","",'Bill Comparison'!$A$23) | B55: =IF($A55="","",'Bill Comparison'!$B$23) | C55: =IF($A55="","",'Bill Comparison'!$C$23) | D55: =IF($A55="","",'Bill Comparison'!$D$23) | E55: =IF($A55="","",'Bill Comparison'!$T$23) | F55: =IF($A55="","",'Bill Comparison'!$U$23)
A56: =IF('Bill Comparison'!$A$24="","",'Bill Comparison'!$A$24) | B56: =IF($A56="","",'Bill Comparison'!$B$24) | C56: =IF($A56="","",'Bill Comparison'!$C$24) | D56: =IF($A56="","",'Bill Comparison'!$D$24) | E56: =IF($A56="","",'Bill Comparison'!$T$24) | F56: =IF($A56="","",'Bill Comparison'!$U$24)
A57: =IF('Bill Comparison'!$A$25="","",'Bill Comparison'!$A$25) | B57: =IF($A57="","",'Bill Comparison'!$B$25) | C57: =IF($A57="","",'Bill Comparison'!$C$25) | D57: =IF($A57="","",'Bill Comparison'!$D$25) | E57: =IF($A57="","",'Bill Comparison'!$T$25) | F57: =IF($A57="","",'Bill Comparison'!$U$25)
A58: =IF('Bill Comparison'!$A$26="","",'Bill Comparison'!$A$26) | B58: =IF($A58="","",'Bill Comparison'!$B$26) | C58: =IF($A58="","",'Bill Comparison'!$C$26) | D58: =IF($A58="","",'Bill Comparison'!$D$26) | E58: =IF($A58="","",'Bill Comparison'!$T$26) | F58: =IF($A58="","",'Bill Comparison'!$U$26)
A59: =IF('Bill Comparison'!$A$27="","",'Bill Comparison'!$A$27) | B59: =IF($A59="","",'Bill Comparison'!$B$27) | C59: =IF($A59="","",'Bill Comparison'!$C$27) | D59: =IF($A59="","",'Bill Comparison'!$D$27) | E59: =IF($A59="","",'Bill Comparison'!$T$27) | F59: =IF($A59="","",'Bill Comparison'!$U$27)
A60: =IF('Bill Comparison'!$A$28="","",'Bill Comparison'!$A$28) | B60: =IF($A60="","",'Bill Comparison'!$B$28) | C60: =IF($A60="","",'Bill Comparison'!$C$28) | D60: =IF($A60="","",'Bill Comparison'!$D$28) | E60: =IF($A60="","",'Bill Comparison'!$T$28) | F60: =IF($A60="","",'Bill Comparison'!$U$28)
A61: =IF('Bill Comparison'!$A$29="","",'Bill Comparison'!$A$29) | B61: =IF($A61="","",'Bill Comparison'!$B$29) | C61: =IF($A61="","",'Bill Comparison'!$C$29) | D61: =IF($A61="","",'Bill Comparison'!$D$29) | E61: =IF($A61="","",'Bill Comparison'!$T$29) | F61: =IF($A61="","",'Bill Comparison'!$U$29)
A62: =IF('Bill Comparison'!$A$30="","",'Bill Comparison'!$A$30) | B62: =IF($A62="","",'Bill Comparison'!$B$30) | C62: =IF($A62="","",'Bill Comparison'!$C$30) | D62: =IF($A62="","",'Bill Comparison'!$D$30) | E62: =IF($A62="","",'Bill Comparison'!$T$30) | F62: =IF($A62="","",'Bill Comparison'!$U$30)
A63: =IF('Bill Comparison'!$A$31="","",'Bill Comparison'!$A$31) | B63: =IF($A63="","",'Bill Comparison'!$B$31) | C63: =IF($A63="","",'Bill Comparison'!$C$31) | D63: =IF($A63="","",'Bill Comparison'!$D$31) | E63: =IF($A63="","",'Bill Comparison'!$T$31) | F63: =IF($A63="","",'Bill Comparison'!$U$31)
A64: =IF('Bill Comparison'!$A$32="","",'Bill Comparison'!$A$32) | B64: =IF($A64="","",'Bill Comparison'!$B$32) | C64: =IF($A64="","",'Bill Comparison'!$C$32) | D64: =IF($A64="","",'Bill Comparison'!$D$32) | E64: =IF($A64="","",'Bill Comparison'!$T$32) | F64: =IF($A64="","",'Bill Comparison'!$U$32)
A65: =IF('Bill Comparison'!$A$33="","",'Bill Comparison'!$A$33) | B65: =IF($A65="","",'Bill Comparison'!$B$33) | C65: =IF($A65="","",'Bill Comparison'!$C$33) | D65: =IF($A65="","",'Bill Comparison'!$D$33) | E65: =IF($A65="","",'Bill Comparison'!$T$33) | F65: =IF($A65="","",'Bill Comparison'!$U$33)
A66: =IF('Bill Comparison'!$A$34="","",'Bill Comparison'!$A$34) | B66: =IF($A66="","",'Bill Comparison'!$B$34) | C66: =IF($A66="","",'Bill Comparison'!$C$34) | D66: =IF($A66="","",'Bill Comparison'!$D$34) | E66: =IF($A66="","",'Bill Comparison'!$T$34) | F66: =IF($A66="","",'Bill Comparison'!$U$34)
A67: =IF('Bill Comparison'!$A$35="","",'Bill Comparison'!$A$35) | B67: =IF($A67="","",'Bill Comparison'!$B$35) | C67: =IF($A67="","",'Bill Comparison'!$C$35) | D67: =IF($A67="","",'Bill Comparison'!$D$35) | E67: =IF($A67="","",'Bill Comparison'!$T$35) | F67: =IF($A67="","",'Bill Comparison'!$U$35)
A68: =IF('Bill Comparison'!$A$36="","",'Bill Comparison'!$A$36) | B68: =IF($A68="","",'Bill Comparison'!$B$36) | C68: =IF($A68="","",'Bill Comparison'!$C$36) | D68: =IF($A68="","",'Bill Comparison'!$D$36) | E68: =IF($A68="","",'Bill Comparison'!$T$36) | F68: =IF($A68="","",'Bill Comparison'!$U$36)
A69: =IF('Bill Comparison'!$A$37="","",'Bill Comparison'!$A$37) | B69: =IF($A69="","",'Bill Comparison'!$B$37) | C69: =IF($A69="","",'Bill Comparison'!$C$37) | D69: =IF($A69="","",'Bill Comparison'!$D$37) | E69: =IF($A69="","",'Bill Comparison'!$T$37) | F69: =IF($A69="","",'Bill Comparison'!$U$37)
A70: =IF('Bill Comparison'!$A$38="","",'Bill Comparison'!$A$38) | B70: =IF($A70="","",'Bill Comparison'!$B$38) | C70: =IF($A70="","",'Bill Comparison'!$C$38) | D70: =IF($A70="","",'Bill Comparison'!$D$38) | E70: =IF($A70="","",'Bill Comparison'!$T$38) | F70: =IF($A70="","",'Bill Comparison'!$U$38)
A71: =IF('Bill Comparison'!$A$39="","",'Bill Comparison'!$A$39) | B71: =IF($A71="","",'Bill Comparison'!$B$39) | C71: =IF($A71="","",'Bill Comparison'!$C$39) | D71: =IF($A71="","",'Bill Comparison'!$D$39) | E71: =IF($A71="","",'Bill Comparison'!$T$39) | F71: =IF($A71="","",'Bill Comparison'!$U$39)
A72: =IF('Bill Comparison'!$A$40="","",'Bill Comparison'!$A$40) | B72: =IF($A72="","",'Bill Comparison'!$B$40) | C72: =IF($A72="","",'Bill Comparison'!$C$40) | D72: =IF($A72="","",'Bill Comparison'!$D$40) | E72: =IF($A72="","",'Bill Comparison'!$T$40) | F72: =IF($A72="","",'Bill Comparison'!$U$40)
A73: =IF('Bill Comparison'!$A$41="","",'Bill Comparison'!$A$41) | B73: =IF($A73="","",'Bill Comparison'!$B$41) | C73: =IF($A73="","",'Bill Comparison'!$C$41) | D73: =IF($A73="","",'Bill Comparison'!$D$41) | E73: =IF($A73="","",'Bill Comparison'!$T$41) | F73: =IF($A73="","",'Bill Comparison'!$U$41)
A74: =IF('Bill Comparison'!$A$42="","",'Bill Comparison'!$A$42) | B74: =IF($A74="","",'Bill Comparison'!$B$42) | C74: =IF($A74="","",'Bill Comparison'!$C$42) | D74: =IF($A74="","",'Bill Comparison'!$D$42) | E74: =IF($A74="","",'Bill Comparison'!$T$42) | F74: =IF($A74="","",'Bill Comparison'!$U$42)
A75: =IF('Bill Comparison'!$A$43="","",'Bill Comparison'!$A$43) | B75: =IF($A75="","",'Bill Comparison'!$B$43) | C75: =IF($A75="","",'Bill Comparison'!$C$43) | D75: =IF($A75="","",'Bill Comparison'!$D$43) | E75: =IF($A75="","",'Bill Comparison'!$T$43) | F75: =IF($A75="","",'Bill Comparison'!$U$43)
A76: =IF('Bill Comparison'!$A$44="","",'Bill Comparison'!$A$44) | B76: =IF($A76="","",'Bill Comparison'!$B$44) | C76: =IF($A76="","",'Bill Comparison'!$C$44) | D76: =IF($A76="","",'Bill Comparison'!$D$44) | E76: =IF($A76="","",'Bill Comparison'!$T$44) | F76: =IF($A76="","",'Bill Comparison'!$U$44)
A77: =IF('Bill Comparison'!$A$45="","",'Bill Comparison'!$A$45) | B77: =IF($A77="","",'Bill Comparison'!$B$45) | C77: =IF($A77="","",'Bill Comparison'!$C$45) | D77: =IF($A77="","",'Bill Comparison'!$D$45) | E77: =IF($A77="","",'Bill Comparison'!$T$45) | F77: =IF($A77="","",'Bill Comparison'!$U$45)
A78: =IF('Bill Comparison'!$A$46="","",'Bill Comparison'!$A$46) | B78: =IF($A78="","",'Bill Comparison'!$B$46) | C78: =IF($A78="","",'Bill Comparison'!$C$46) | D78: =IF($A78="","",'Bill Comparison'!$D$46) | E78: =IF($A78="","",'Bill Comparison'!$T$46) | F78: =IF($A78="","",'Bill Comparison'!$U$46)
A79: =IF('Bill Comparison'!$A$47="","",'Bill Comparison'!$A$47) | B79: =IF($A79="","",'Bill Comparison'!$B$47) | C79: =IF($A79="","",'Bill Comparison'!$C$47) | D79: =IF($A79="","",'Bill Comparison'!$D$47) | E79: =IF($A79="","",'Bill Comparison'!$T$47) | F79: =IF($A79="","",'Bill Comparison'!$U$47)
A80: =IF('Bill Comparison'!$A$48="","",'Bill Comparison'!$A$48) | B80: =IF($A80="","",'Bill Comparison'!$B$48) | C80: =IF($A80="","",'Bill Comparison'!$C$48) | D80: =IF($A80="","",'Bill Comparison'!$D$48) | E80: =IF($A80="","",'Bill Comparison'!$T$48) | F80: =IF($A80="","",'Bill Comparison'!$U$48)
A81: =IF('Bill Comparison'!$A$49="","",'Bill Comparison'!$A$49) | B81: =IF($A81="","",'Bill Comparison'!$B$49) | C81: =IF($A81="","",'Bill Comparison'!$C$49) | D81: =IF($A81="","",'Bill Comparison'!$D$49) | E81: =IF($A81="","",'Bill Comparison'!$T$49) | F81: =IF($A81="","",'Bill Comparison'!$U$49)
A82: =IF('Bill Comparison'!$A$50="","",'Bill Comparison'!$A$50) | B82: =IF($A82="","",'Bill Comparison'!$B$50) | C82: =IF($A82="","",'Bill Comparison'!$C$50) | D82: =IF($A82="","",'Bill Comparison'!$D$50) | E82: =IF($A82="","",'Bill Comparison'!$T$50) | F82: =IF($A82="","",'Bill Comparison'!$U$50)
A83: =IF('Bill Comparison'!$A$51="","",'Bill Comparison'!$A$51) | B83: =IF($A83="","",'Bill Comparison'!$B$51) | C83: =IF($A83="","",'Bill Comparison'!$C$51) | D83: =IF($A83="","",'Bill Comparison'!$D$51) | E83: =IF($A83="","",'Bill Comparison'!$T$51) | F83: =IF($A83="","",'Bill Comparison'!$U$51)
A84: =IF('Bill Comparison'!$A$52="","",'Bill Comparison'!$A$52) | B84: =IF($A84="","",'Bill Comparison'!$B$52) | C84: =IF($A84="","",'Bill Comparison'!$C$52) | D84: =IF($A84="","",'Bill Comparison'!$D$52) | E84: =IF($A84="","",'Bill Comparison'!$T$52) | F84: =IF($A84="","",'Bill Comparison'!$U$52)
A85: =IF('Bill Comparison'!$A$53="","",'Bill Comparison'!$A$53) | B85: =IF($A85="","",'Bill Comparison'!$B$53) | C85: =IF($A85="","",'Bill Comparison'!$C$53) | D85: =IF($A85="","",'Bill Comparison'!$D$53) | E85: =IF($A85="","",'Bill Comparison'!$T$53) | F85: =IF($A85="","",'Bill Comparison'!$U$53)
A86: =IF('Bill Comparison'!$A$54="","",'Bill Comparison'!$A$54) | B86: =IF($A86="","",'Bill Comparison'!$B$54) | C86: =IF($A86="","",'Bill Comparison'!$C$54) | D86: =IF($A86="","",'Bill Comparison'!$D$54) | E86: =IF($A86="","",'Bill Comparison'!$T$54) | F86: =IF($A86="","",'Bill Comparison'!$U$54)
A87: =IF('Bill Comparison'!$A$55="","",'Bill Comparison'!$A$55) | B87: =IF($A87="","",'Bill Comparison'!$B$55) | C87: =IF($A87="","",'Bill Comparison'!$C$55) | D87: =IF($A87="","",'Bill Comparison'!$D$55) | E87: =IF($A87="","",'Bill Comparison'!$T$55) | F87: =IF($A87="","",'Bill Comparison'!$U$55)
A88: =IF('Bill Comparison'!$A$56="","",'Bill Comparison'!$A$56) | B88: =IF($A88="","",'Bill Comparison'!$B$56) | C88: =IF($A88="","",'Bill Comparison'!$C$56) | D88: =IF($A88="","",'Bill Comparison'!$D$56) | E88: =IF($A88="","",'Bill Comparison'!$T$56) | F88: =IF($A88="","",'Bill Comparison'!$U$56)
A89: =IF('Bill Comparison'!$A$57="","",'Bill Comparison'!$A$57) | B89: =IF($A89="","",'Bill Comparison'!$B$57) | C89: =IF($A89="","",'Bill Comparison'!$C$57) | D89: =IF($A89="","",'Bill Comparison'!$D$57) | E89: =IF($A89="","",'Bill Comparison'!$T$57) | F89: =IF($A89="","",'Bill Comparison'!$U$57)
A90: =IF('Bill Comparison'!$A$58="","",'Bill Comparison'!$A$58) | B90: =IF($A90="","",'Bill Comparison'!$B$58) | C90: =IF($A90="","",'Bill Comparison'!$C$58) | D90: =IF($A90="","",'Bill Comparison'!$D$58) | E90: =IF($A90="","",'Bill Comparison'!$T$58) | F90: =IF($A90="","",'Bill Comparison'!$U$58)
A91: =IF('Bill Comparison'!$A$59="","",'Bill Comparison'!$A$59) | B91: =IF($A91="","",'Bill Comparison'!$B$59) | C91: =IF($A91="","",'Bill Comparison'!$C$59) | D91: =IF($A91="","",'Bill Comparison'!$D$59) | E91: =IF($A91="","",'Bill Comparison'!$T$59) | F91: =IF($A91="","",'Bill Comparison'!$U$59)
A92: =IF('Bill Comparison'!$A$60="","",'Bill Comparison'!$A$60) | B92: =IF($A92="","",'Bill Comparison'!$B$60) | C92: =IF($A92="","",'Bill Comparison'!$C$60) | D92: =IF($A92="","",'Bill Comparison'!$D$60) | E92: =IF($A92="","",'Bill Comparison'!$T$60) | F92: =IF($A92="","",'Bill Comparison'!$U$60)
A93: =IF('Bill Comparison'!$A$61="","",'Bill Comparison'!$A$61) | B93: =IF($A93="","",'Bill Comparison'!$B$61) | C93: =IF($A93="","",'Bill Comparison'!$C$61) | D93: =IF($A93="","",'Bill Comparison'!$D$61) | E93: =IF($A93="","",'Bill Comparison'!$T$61) | F93: =IF($A93="","",'Bill Comparison'!$U$61)
A94: =IF('Bill Comparison'!$A$62="","",'Bill Comparison'!$A$62) | B94: =IF($A94="","",'Bill Comparison'!$B$62) | C94: =IF($A94="","",'Bill Comparison'!$C$62) | D94: =IF($A94="","",'Bill Comparison'!$D$62) | E94: =IF($A94="","",'Bill Comparison'!$T$62) | F94: =IF($A94="","",'Bill Comparison'!$U$62)
A95: =IF('Bill Comparison'!$A$63="","",'Bill Comparison'!$A$63) | B95: =IF($A95="","",'Bill Comparison'!$B$63) | C95: =IF($A95="","",'Bill Comparison'!$C$63) | D95: =IF($A95="","",'Bill Comparison'!$D$63) | E95: =IF($A95="","",'Bill Comparison'!$T$63) | F95: =IF($A95="","",'Bill Comparison'!$U$63)
A96: =IF('Bill Comparison'!$A$64="","",'Bill Comparison'!$A$64) | B96: =IF($A96="","",'Bill Comparison'!$B$64) | C96: =IF($A96="","",'Bill Comparison'!$C$64) | D96: =IF($A96="","",'Bill Comparison'!$D$64) | E96: =IF($A96="","",'Bill Comparison'!$T$64) | F96: =IF($A96="","",'Bill Comparison'!$U$64)
A97: =IF('Bill Comparison'!$A$65="","",'Bill Comparison'!$A$65) | B97: =IF($A97="","",'Bill Comparison'!$B$65) | C97: =IF($A97="","",'Bill Comparison'!$C$65) | D97: =IF($A97="","",'Bill Comparison'!$D$65) | E97: =IF($A97="","",'Bill Comparison'!$T$65) | F97: =IF($A97="","",'Bill Comparison'!$U$65)
A98: =IF('Bill Comparison'!$A$66="","",'Bill Comparison'!$A$66) | B98: =IF($A98="","",'Bill Comparison'!$B$66) | C98: =IF($A98="","",'Bill Comparison'!$C$66) | D98: =IF($A98="","",'Bill Comparison'!$D$66) | E98: =IF($A98="","",'Bill Comparison'!$T$66) | F98: =IF($A98="","",'Bill Comparison'!$U$66)
A99: =IF('Bill Comparison'!$A$67="","",'Bill Comparison'!$A$67) | B99: =IF($A99="","",'Bill Comparison'!$B$67) | C99: =IF($A99="","",'Bill Comparison'!$C$67) | D99: =IF($A99="","",'Bill Comparison'!$D$67) | E99: =IF($A99="","",'Bill Comparison'!$T$67) | F99: =IF($A99="","",'Bill Comparison'!$U$67)
A100: =IF('Bill Comparison'!$A$68="","",'Bill Comparison'!$A$68) | B100: =IF($A100="","",'Bill Comparison'!$B$68) | C100: =IF($A100="","",'Bill Comparison'!$C$68) | D100: =IF($A100="","",'Bill Comparison'!$D$68) | E100: =IF($A100="","",'Bill Comparison'!$T$68) | F100: =IF($A100="","",'Bill Comparison'!$U$68)
A101: =IF('Bill Comparison'!$A$69="","",'Bill Comparison'!$A$69) | B101: =IF($A101="","",'Bill Comparison'!$B$69) | C101: =IF($A101="","",'Bill Comparison'!$C$69) | D101: =IF($A101="","",'Bill Comparison'!$D$69) | E101: =IF($A101="","",'Bill Comparison'!$T$69) | F101: =IF($A101="","",'Bill Comparison'!$U$69)
A102: =IF('Bill Comparison'!$A$70="","",'Bill Comparison'!$A$70) | B102: =IF($A102="","",'Bill Comparison'!$B$70) | C102: =IF($A102="","",'Bill Comparison'!$C$70) | D102: =IF($A102="","",'Bill Comparison'!$D$70) | E102: =IF($A102="","",'Bill Comparison'!$T$70) | F102: =IF($A102="","",'Bill Comparison'!$U$70)
A103: =IF('Bill Comparison'!$A$71="","",'Bill Comparison'!$A$71) | B103: =IF($A103="","",'Bill Comparison'!$B$71) | C103: =IF($A103="","",'Bill Comparison'!$C$71) | D103: =IF($A103="","",'Bill Comparison'!$D$71) | E103: =IF($A103="","",'Bill Comparison'!$T$71) | F103: =IF($A103="","",'Bill Comparison'!$U$71)
A104: =IF('Bill Comparison'!$A$72="","",'Bill Comparison'!$A$72) | B104: =IF($A104="","",'Bill Comparison'!$B$72) | C104: =IF($A104="","",'Bill Comparison'!$C$72) | D104: =IF($A104="","",'Bill Comparison'!$D$72) | E104: =IF($A104="","",'Bill Comparison'!$T$72) | F104: =IF($A104="","",'Bill Comparison'!$U$72)
A105: =IF('Bill Comparison'!$A$73="","",'Bill Comparison'!$A$73) | B105: =IF($A105="","",'Bill Comparison'!$B$73) | C105: =IF($A105="","",'Bill Comparison'!$C$73) | D105: =IF($A105="","",'Bill Comparison'!$D$73) | E105: =IF($A105="","",'Bill Comparison'!$T$73) | F105: =IF($A105="","",'Bill Comparison'!$U$73)
A106: =IF('Bill Comparison'!$A$74="","",'Bill Comparison'!$A$74) | B106: =IF($A106="","",'Bill Comparison'!$B$74) | C106: =IF($A106="","",'Bill Comparison'!$C$74) | D106: =IF($A106="","",'Bill Comparison'!$D$74) | E106: =IF($A106="","",'Bill Comparison'!$T$74) | F106: =IF($A106="","",'Bill Comparison'!$U$74)
A107: =IF('Bill Comparison'!$A$75="","",'Bill Comparison'!$A$75) | B107: =IF($A107="","",'Bill Comparison'!$B$75) | C107: =IF($A107="","",'Bill Comparison'!$C$75) | D107: =IF($A107="","",'Bill Comparison'!$D$75) | E107: =IF($A107="","",'Bill Comparison'!$T$75) | F107: =IF($A107="","",'Bill Comparison'!$U$75)
A108: =IF('Bill Comparison'!$A$76="","",'Bill Comparison'!$A$76) | B108: =IF($A108="","",'Bill Comparison'!$B$76) | C108: =IF($A108="","",'Bill Comparison'!$C$76) | D108: =IF($A108="","",'Bill Comparison'!$D$76) | E108: =IF($A108="","",'Bill Comparison'!$T$76) | F108: =IF($A108="","",'Bill Comparison'!$U$76)
A109: =IF('Bill Comparison'!$A$77="","",'Bill Comparison'!$A$77) | B109: =IF($A109="","",'Bill Comparison'!$B$77) | C109: =IF($A109="","",'Bill Comparison'!$C$77) | D109: =IF($A109="","",'Bill Comparison'!$D$77) | E109: =IF($A109="","",'Bill Comparison'!$T$77) | F109: =IF($A109="","",'Bill Comparison'!$U$77)
A110: =IF('Bill Comparison'!$A$78="","",'Bill Comparison'!$A$78) | B110: =IF($A110="","",'Bill Comparison'!$B$78) | C110: =IF($A110="","",'Bill Comparison'!$C$78) | D110: =IF($A110="","",'Bill Comparison'!$D$78) | E110: =IF($A110="","",'Bill Comparison'!$T$78) | F110: =IF($A110="","",'Bill Comparison'!$U$78)
A111: =IF('Bill Comparison'!$A$79="","",'Bill Comparison'!$A$79) | B111: =IF($A111="","",'Bill Comparison'!$B$79) | C111: =IF($A111="","",'Bill Comparison'!$C$79) | D111: =IF($A111="","",'Bill Comparison'!$D$79) | E111: =IF($A111="","",'Bill Comparison'!$T$79) | F111: =IF($A111="","",'Bill Comparison'!$U$79)
A112: =IF('Bill Comparison'!$A$80="","",'Bill Comparison'!$A$80) | B112: =IF($A112="","",'Bill Comparison'!$B$80) | C112: =IF($A112="","",'Bill Comparison'!$C$80) | D112: =IF($A112="","",'Bill Comparison'!$D$80) | E112: =IF($A112="","",'Bill Comparison'!$T$80) | F112: =IF($A112="","",'Bill Comparison'!$U$80)
A113: =IF('Bill Comparison'!$A$81="","",'Bill Comparison'!$A$81) | B113: =IF($A113="","",'Bill Comparison'!$B$81) | C113: =IF($A113="","",'Bill Comparison'!$C$81) | D113: =IF($A113="","",'Bill Comparison'!$D$81) | E113: =IF($A113="","",'Bill Comparison'!$T$81) | F113: =IF($A113="","",'Bill Comparison'!$U$81)
A114: =IF('Bill Comparison'!$A$82="","",'Bill Comparison'!$A$82) | B114: =IF($A114="","",'Bill Comparison'!$B$82) | C114: =IF($A114="","",'Bill Comparison'!$C$82) | D114: =IF($A114="","",'Bill Comparison'!$D$82) | E114: =IF($A114="","",'Bill Comparison'!$T$82) | F114: =IF($A114="","",'Bill Comparison'!$U$82)
A115: =IF('Bill Comparison'!$A$83="","",'Bill Comparison'!$A$83) | B115: =IF($A115="","",'Bill Comparison'!$B$83) | C115: =IF($A115="","",'Bill Comparison'!$C$83) | D115: =IF($A115="","",'Bill Comparison'!$D$83) | E115: =IF($A115="","",'Bill Comparison'!$T$83) | F115: =IF($A115="","",'Bill Comparison'!$U$83)
A116: =IF('Bill Comparison'!$A$84="","",'Bill Comparison'!$A$84) | B116: =IF($A116="","",'Bill Comparison'!$B$84) | C116: =IF($A116="","",'Bill Comparison'!$C$84) | D116: =IF($A116="","",'Bill Comparison'!$D$84) | E116: =IF($A116="","",'Bill Comparison'!$T$84) | F116: =IF($A116="","",'Bill Comparison'!$U$84)
A117: =IF('Bill Comparison'!$A$85="","",'Bill Comparison'!$A$85) | B117: =IF($A117="","",'Bill Comparison'!$B$85) | C117: =IF($A117="","",'Bill Comparison'!$C$85) | D117: =IF($A117="","",'Bill Comparison'!$D$85) | E117: =IF($A117="","",'Bill Comparison'!$T$85) | F117: =IF($A117="","",'Bill Comparison'!$U$85)
A118: =IF('Bill Comparison'!$A$86="","",'Bill Comparison'!$A$86) | B118: =IF($A118="","",'Bill Comparison'!$B$86) | C118: =IF($A118="","",'Bill Comparison'!$C$86) | D118: =IF($A118="","",'Bill Comparison'!$D$86) | E118: =IF($A118="","",'Bill Comparison'!$T$86) | F118: =IF($A118="","",'Bill Comparison'!$U$86)
A119: =IF('Bill Comparison'!$A$87="","",'Bill Comparison'!$A$87) | B119: =IF($A119="","",'Bill Comparison'!$B$87) | C119: =IF($A119="","",'Bill Comparison'!$C$87) | D119: =IF($A119="","",'Bill Comparison'!$D$87) | E119: =IF($A119="","",'Bill Comparison'!$T$87) | F119: =IF($A119="","",'Bill Comparison'!$U$87)
A120: =IF('Bill Comparison'!$A$88="","",'Bill Comparison'!$A$88) | B120: =IF($A120="","",'Bill Comparison'!$B$88) | C120: =IF($A120="","",'Bill Comparison'!$C$88) | D120: =IF($A120="","",'Bill Comparison'!$D$88) | E120: =IF($A120="","",'Bill Comparison'!$T$88) | F120: =IF($A120="","",'Bill Comparison'!$U$88)
A121: =IF('Bill Comparison'!$A$89="","",'Bill Comparison'!$A$89) | B121: =IF($A121="","",'Bill Comparison'!$B$89) | C121: =IF($A121="","",'Bill Comparison'!$C$89) | D121: =IF($A121="","",'Bill Comparison'!$D$89) | E121: =IF($A121="","",'Bill Comparison'!$T$89) | F121: =IF($A121="","",'Bill Comparison'!$U$89)
A122: =IF('Bill Comparison'!$A$90="","",'Bill Comparison'!$A$90) | B122: =IF($A122="","",'Bill Comparison'!$B$90) | C122: =IF($A122="","",'Bill Comparison'!$C$90) | D122: =IF($A122="","",'Bill Comparison'!$D$90) | E122: =IF($A122="","",'Bill Comparison'!$T$90) | F122: =IF($A122="","",'Bill Comparison'!$U$90)
A123: =IF('Bill Comparison'!$A$91="","",'Bill Comparison'!$A$91) | B123: =IF($A123="","",'Bill Comparison'!$B$91) | C123: =IF($A123="","",'Bill Comparison'!$C$91) | D123: =IF($A123="","",'Bill Comparison'!$D$91) | E123: =IF($A123="","",'Bill Comparison'!$T$91) | F123: =IF($A123="","",'Bill Comparison'!$U$91)
A124: =IF('Bill Comparison'!$A$92="","",'Bill Comparison'!$A$92) | B124: =IF($A124="","",'Bill Comparison'!$B$92) | C124: =IF($A124="","",'Bill Comparison'!$C$92) | D124: =IF($A124="","",'Bill Comparison'!$D$92) | E124: =IF($A124="","",'Bill Comparison'!$T$92) | F124: =IF($A124="","",'Bill Comparison'!$U$92)
A125: =IF('Bill Comparison'!$A$93="","",'Bill Comparison'!$A$93) | B125: =IF($A125="","",'Bill Comparison'!$B$93) | C125: =IF($A125="","",'Bill Comparison'!$C$93) | D125: =IF($A125="","",'Bill Comparison'!$D$93) | E125: =IF($A125="","",'Bill Comparison'!$T$93) | F125: =IF($A125="","",'Bill Comparison'!$U$93)
A126: =IF('Bill Comparison'!$A$94="","",'Bill Comparison'!$A$94) | B126: =IF($A126="","",'Bill Comparison'!$B$94) | C126: =IF($A126="","",'Bill Comparison'!$C$94) | D126: =IF($A126="","",'Bill Comparison'!$D$94) | E126: =IF($A126="","",'Bill Comparison'!$T$94) | F126: =IF($A126="","",'Bill Comparison'!$U$94)
A127: =IF('Bill Comparison'!$A$95="","",'Bill Comparison'!$A$95) | B127: =IF($A127="","",'Bill Comparison'!$B$95) | C127: =IF($A127="","",'Bill Comparison'!$C$95) | D127: =IF($A127="","",'Bill Comparison'!$D$95) | E127: =IF($A127="","",'Bill Comparison'!$T$95) | F127: =IF($A127="","",'Bill Comparison'!$U$95)
A128: =IF('Bill Comparison'!$A$96="","",'Bill Comparison'!$A$96) | B128: =IF($A128="","",'Bill Comparison'!$B$96) | C128: =IF($A128="","",'Bill Comparison'!$C$96) | D128: =IF($A128="","",'Bill Comparison'!$D$96) | E128: =IF($A128="","",'Bill Comparison'!$T$96) | F128: =IF($A128="","",'Bill Comparison'!$U$96)
A129: =IF('Bill Comparison'!$A$97="","",'Bill Comparison'!$A$97) | B129: =IF($A129="","",'Bill Comparison'!$B$97) | C129: =IF($A129="","",'Bill Comparison'!$C$97) | D129: =IF($A129="","",'Bill Comparison'!$D$97) | E129: =IF($A129="","",'Bill Comparison'!$T$97) | F129: =IF($A129="","",'Bill Comparison'!$U$97)
A130: =IF('Bill Comparison'!$A$98="","",'Bill Comparison'!$A$98) | B130: =IF($A130="","",'Bill Comparison'!$B$98) | C130: =IF($A130="","",'Bill Comparison'!$C$98) | D130: =IF($A130="","",'Bill Comparison'!$D$98) | E130: =IF($A130="","",'Bill Comparison'!$T$98) | F130: =IF($A130="","",'Bill Comparison'!$U$98)
A131: =IF('Bill Comparison'!$A$99="","",'Bill Comparison'!$A$99) | B131: =IF($A131="","",'Bill Comparison'!$B$99) | C131: =IF($A131="","",'Bill Comparison'!$C$99) | D131: =IF($A131="","",'Bill Comparison'!$D$99) | E131: =IF($A131="","",'Bill Comparison'!$T$99) | F131: =IF($A131="","",'Bill Comparison'!$U$99)
A132: =IF('Bill Comparison'!$A$100="","",'Bill Comparison'!$A$100) | B132: =IF($A132="","",'Bill Comparison'!$B$100) | C132: =IF($A132="","",'Bill Comparison'!$C$100) | D132: =IF($A132="","",'Bill Comparison'!$D$100) | E132: =IF($A132="","",'Bill Comparison'!$T$100) | F132: =IF($A132="","",'Bill Comparison'!$U$100)
A133: =IF('Bill Comparison'!$A$101="","",'Bill Comparison'!$A$101) | B133: =IF($A133="","",'Bill Comparison'!$B$101) | C133: =IF($A133="","",'Bill Comparison'!$C$101) | D133: =IF($A133="","",'Bill Comparison'!$D$101) | E133: =IF($A133="","",'Bill Comparison'!$T$101) | F133: =IF($A133="","",'Bill Comparison'!$U$101)
A134: =IF('Bill Comparison'!$A$102="","",'Bill Comparison'!$A$102) | B134: =IF($A134="","",'Bill Comparison'!$B$102) | C134: =IF($A134="","",'Bill Comparison'!$C$102) | D134: =IF($A134="","",'Bill Comparison'!$D$102) | E134: =IF($A134="","",'Bill Comparison'!$T$102) | F134: =IF($A134="","",'Bill Comparison'!$U$102)
A135: =IF('Bill Comparison'!$A$103="","",'Bill Comparison'!$A$103) | B135: =IF($A135="","",'Bill Comparison'!$B$103) | C135: =IF($A135="","",'Bill Comparison'!$C$103) | D135: =IF($A135="","",'Bill Comparison'!$D$103) | E135: =IF($A135="","",'Bill Comparison'!$T$103) | F135: =IF($A135="","",'Bill Comparison'!$U$103)
A136: =IF('Bill Comparison'!$A$104="","",'Bill Comparison'!$A$104) | B136: =IF($A136="","",'Bill Comparison'!$B$104) | C136: =IF($A136="","",'Bill Comparison'!$C$104) | D136: =IF($A136="","",'Bill Comparison'!$D$104) | E136: =IF($A136="","",'Bill Comparison'!$T$104) | F136: =IF($A136="","",'Bill Comparison'!$U$104)
...

Sheet Instructions
A1: Electricity Bill Comparison | Instructions
A3: Step | B3: Guidance
A4: 1 | B4: Replace the yellow input cells in Bill Comparison with figures from current retailer Energy Price Fact Sheets.
A5: 2 | B5: Confirm the relevant state, distributor and tariff structure for the address being compared.
A6: 3 | B6: Enter estimated annual usage from electricity bills, smart-meter data or a reasonable household estimate.
A7: 4 | B7: Include controlled-load usage only where applicable, such as electric hot water or dedicated heating tariffs.
A8: 5 | B8: Enter solar export figures and feed-in tariff rates only when a solar system is installed.
A9: 6 | B9: Check whether discounts are conditional, time-limited or applied before or after GST. Discount figures are shown for plan context.
A10: 7 | B10: Electricity prices vary by address, tariff, distributor, meter type and contract terms.
A11: 8 | B11: Compare these estimates with current retailer offers and review the Energy Made Easy website before making a decision.
A12: 9 | B12: These estimates are not financial advice and are not a substitute for an official electricity quote.
A15: Workbook notes | B15: Formula columns calculate estimated costs using the editable GST rate and days-per-year assumptions shown on the Bill Comparison sheet.
